 Dungeon Crawl Stone Soup version 0.20-a0-848-g73d9be0 (webtiles) character file.

82924 nubinia the Thaumaturge (level 15, -3/121 HPs)
             Began as a Demonspawn Wizard on Mar 7, 2017.
             Was the Champion of Vehumet.
             Slain by a peacekeeper (21 damage)
             ... in the Desolation of Salt on Mar 9, 2017.
             The game lasted 03:19:14 (36320 turns).

nubinia the Thaumaturge (Demonspawn Wizard)        Turns: 36320, Time: 03:19:15

Health: -3/121     AC: 10    Str: 16    XL:     15   Next: 30%
Magic:  22/32      EV: 16    Int: 22    God:    Vehumet [******]
Gold:   2027       SH:  0    Dex: 14    Spells: 1/41 levels left

rFire    . . .     SeeInvis +   z - +2 scythe (venom)
rCold    . . .     Gourm    .   I - +2 robe {rN+}
rNeg     + + .     Faith    .   (shield currently unavailable)
rPois    .         Spirit   .   (helmet unavailable)
rElec    +         Reflect  .   P - +0 cloak
rCorr    .         Harm     .   y - +2 pair of gloves {archery}
MR       +....                  (no boots)
Stlth    ++++......             L - amulet of rage
Regen    0.3/turn               C - ring of positive energy
MPRegen  0.3/turn               s - +5 ring of strength

@: no status effects
A: antennae 3, slimy green scales 1, blurry vision 1, clever 1, foul stench 2,
robust 1, electricity resistance, spiny 1, rot immunity
a: Renounce Religion, Evoke Berserk Rage


You were in the Desolation of Salt.
You worshipped Vehumet.
Vehumet was exalted by your worship.
You were full.

You visited 4 branches of the dungeon, and saw 21 of its levels.
You also visited: Ossuary, Volcano and Desolation.

You collected 2397 gold pieces.
You spent 370 gold pieces at shops.

Inventory:

Hand Weapons
 z - a +2 scythe of venom (weapon)
 T - a +2 glaive of flaming
 U - a +0 glaive of freezing
Armour
 a - a +2 robe of fire resistance
 x - a +3 leather armour
 y - a +2 pair of gloves of archery (worn)
 I - a +2 robe of positive energy (worn)
 N - a +0 leather armour of magic resistance
 P - a +0 cloak (worn)
Jewellery
 s - a +5 ring of strength (left hand)
 C - a ring of positive energy (right hand)
 L - an amulet of rage (around neck)
 W - the ring of the Kangaroo {Fire *Slow rPois rN++ Str+2}
   (You found it on level 6 of the Lair of Beasts)

   [ring of fire]

   It enhances your fire magic.
   It affects your strength (+2).
   It protects you from fire.
   It makes you vulnerable to cold.
   It protects you from poison.
   It greatly protects you from negative energy.
   It may slow you when you take damage.
Wands
 j - a wand of lightning (10/15)
 m - a wand of scattershot (3/9)
 p - a wand of acid (7/15)
 v - a wand of disintegration (12/24)
 F - a wand of iceblast (7/15)
 H - a wand of lightning (9/15)
 M - a wand of flame (24/48)
 R - a wand of lightning (3/15)
 Z - a wand of clouds (6/9)
Scrolls
 c - a scroll of amnesia
 e - 8 scrolls of remove curse
 i - 14 scrolls of teleportation
 n - a scroll of recharging
 B - a scroll of blinking
 D - a scroll of identify
 G - a scroll of fog
 J - a scroll of enchant armour
 O - 2 scrolls of enchant weapon
 Q - a scroll of summoning
 V - a scroll of magic mapping
Potions
 f - a potion of heal wounds
 g - a potion of cancellation
 h - 2 potions of berserk rage
 k - 3 potions of brilliance
 l - 7 potions of curing
 q - 4 potions of haste
 r - 2 potions of invisibility
 t - 5 potions of agility
 u - 4 potions of might
 w - 2 potions of ambrosia
 K - 4 potions of flight
 S - 2 potions of resistance
Miscellaneous
 X - a lamp of fire (inert)
Comestibles
 d - 10 bread rations
 o - 4 fruits
 A - 7 meat rations
 E - 7 royal jellies


   Skills:
 + Level 7.8 Fighting
   Level 1.7 Short Blades
 - Level 8.0 Polearms
 + Level 1.9 Armour
 + Level 7.0 Dodging
 + Level 8.9 Stealth
 + Level 0.1 Unarmed Combat
 * Level 13.8 Spellcasting
 * Level 11.3 Conjurations
 + Level 2.4 Hexes
 + Level 3.2 Charms
   Level 1.0 Summonings
 + Level 4.3 Translocations
 * Level 3.0 Fire Magic
 + Level 8.8 Air Magic
 - Level 1.0 Poison Magic
 + Level 0.8 Evocations


You had one spell level left.
You knew the following spells:

 Your Spells              Type           Power        Failure   Level  Hunger
a - Magic Dart            Conj           ####         1%          1    None
b - Airstrike             Air            ######....   1%          4    None
c - Mephitic Cloud        Conj/Pois/Air  #####...     1%          3    None
d - Conjure Flame         Conj/Fire      #####...     1%          3    None
e - Dazzling Spray        Conj/Hex       #####.       1%          3    None
f - Blink                 Tloc           N/A          1%          2    None
g - Shroud of Golubria    Chrm/Tloc      ####......   1%          2    None
h - Static Discharge      Conj/Air       ######..     1%          3    None
i - Iskenderun's Battles  Conj/Chrm      #####...     2%          5    ###....
j - Lightning Bolt        Conj/Air       ######....   1%          5    ###....
k - Shock                 Conj/Air       ####         1%          1    None
l - Bolt of Fire          Conj/Fire      #####.....   10%         6    #####..
s - Swiftness             Chrm/Air       #####...     1%          2    None


Dungeon Overview and Level Annotations

Branches:
Dungeon (12/15)            Temple (0/1) D:5            Lair (6/6) D:8
  Swamp (0/4) Lair:2        Snake (0/4) Lair:2        Slime (0/5) Lair:6
    Orc (2/2) D:12            Elf (1/3) Orc:2

Altars:
Ashenzari
Cheibriados
Elyvilon
Fedhas
Gozag
Nemelex Xobeh
Okawaru
Ru
Sif Muna
Trog
Uskayaw
Vehumet
Wu Jian
Zin
Jiyva

Shops:
D:8 *   Orc:1 *   Orc:2 ??}(

Portals:
Pandemonium: Orc:2

Annotations:
D:6 Edmund
Lair:3 exclusion: oklob plant


Innate Abilities, Weirdness & Mutations

You have a pair of large antennae on your head. (SInv)
You are partially covered in slimy green scales. (AC +2)
You frequently emit foul miasma when damaged in melee.
You are partially covered in sharp spines.
You are immune to rotting.
Scrolls take you a little longer to read.
Your mind is acute. (Int +2)
You are robust. (+10% HP)
You are resistant to electric shocks. (rElec)


Message History

The peacekeeper claws you but does no damage.
You hit the peacekeeper but do no damage.
The peacekeeper is heavily damaged.
The peacekeeper bites you!
* * * LOW HITPOINT WARNING * * *
The peacekeeper closely misses you. The peacekeeper misses you.
The peacekeeper completely misses you.
Unknown command.
Unknown command.
Unknown command.
Unknown command.
Casting: Airstrike
Confirm with . or Enter, or press ? or * to list all spells.
Aiming: Airstrike
Press: ? - help, Dir - move target cursor, f/p - peacekeeper
Aim: a peacekeeper (heavily damaged)
The air twists around and strikes the peacekeeper!
The peacekeeper is severely damaged.
The peacekeeper bites you!!
You die...

.#...............
..................
......∩.∩.........
..................
..................
..................
..................
...........#......
.......@.#........
......8...........
§§...........§...§
§§..........§.§§§.
§..........§§§§§§§
§§..##....§§§§.§§§
§§........§§§§§§
§§........§§§§§
.......§§§{ {{


You could see a peacekeeper.

Vanquished Creatures
  A fire dragon (Lair:6)
  Snorg (Orc:2)
  A catoblepas (Lair:6)
  An ice dragon (Lair:6)
  4 two-headed ogres
  4 hydras
  A queen ant (Lair:3)
  A dancing weapon (Volcano)
  4 orc high priests (Orc:2)
  A soul eater (Orc:2)
  A deep elf knight (Elf:1)
  A sun demon (Orc:2)
  A fire crab (Lair:6)
  2 torturous demonspawn (Orc:2)
  2 infernal demonspawn (Orc:2)
  A swamp dragon (Lair:6)
  2 lindwurms (Lair:6)
  A deep elf mage (Elf:1)
  5 wizards (Volcano)
  An ugly thing (D:11)
  6 orc knights
  10 orc sorcerers
  A manticore (D:11)
  5 toenail golems (Volcano)
  2 cyclopes
  7 elephants
  Joseph (D:9)
  2 black mambas (Lair:1)
  An orange demon (Orc:2)
  A centaur zombie (D:12)
  2 rust devils (Orc:2)
  15 spiny frogs
  5 torpor snails
  2 rime drakes (Lair:4)
  15 komodo dragons
  A polar bear (Lair:5)
  6 hornets (Lair:6)
  A troll (D:11)
  3 tyrant leeches (Lair:6)
  24 blink frogs
  3 slime creatures
  2 dream sheep (D:8)
  14 hippogriffs
  Sigmund (D:6)
  10 spriggans (Lair:1)
  A vampire (D:10)
  A wraith (D:7)
  A basilisk (Lair:2)
  46 yaks
  7 wyverns
  3 hungry ghosts
  2 steam dragons (Lair:6)
  Menkaure (Ossuary)
  5 wargs
  3 acid dragons (Lair:6)
  2 nagas (Lair:2)
  16 water moccasins
  8 soldier ants (Lair:3)
  11 porcupines
  A swamp drake (Lair:6)
  2 ice beasts
  An eye of draining (Lair:6)
  31 orc warriors
  2 sky beasts
  2 black bears
  14 ogres
  3 phantoms
  12 wolves
  4 centaurs
  18 crocodiles
  3 big kobolds (D:8)
  17 bullfrogs
  2 gnoll sergeants
  5 scorpions
  2 water moccasin skeletons
  4 killer bees (D:8)
  9 wights
  An electric eel (Lair:4)
  5 howler monkeys
  6 crimson imps
  2 bullfrog zombies
  2 bullfrog skeletons
  25 orc priests
  7 hounds
  3 jellies (D:6)
  4 centaur skeletons
  4 iguanas
  16 orc wizards
  38 worker ants
  A killer bee zombie (D:5)
  2 hound skeletons
  2 mummies
  A worker ant zombie (D:11)
  10 gnolls
  16 adders
  A howler monkey skeleton (D:6)
  4 shadow imps
  2 oozes
  2 adder zombies
  3 adder skeletons (D:4)
  A dart slug (D:1)
  7 leopard geckos
  97 orcs
  5 bats
  2 giant cockroaches (D:5)
  9 goblins
  9 hobgoblins
  27 jackals
  5 kobolds
  6 quokkas
  3 ball pythons
  3 frilled lizards
  4 gnoll zombies (Ossuary)
  A goblin skeleton (Ossuary)
  2 goblin zombies
  3 hobgoblin skeletons (Ossuary)
  A hobgoblin zombie (D:4)
  A jackal zombie (D:7)
  A kobold skeleton (Ossuary)
  2 kobold zombies (Ossuary)
  4 orc skeletons (Ossuary)
  5 orc zombies (Ossuary)
  A quokka skeleton (D:6)
  7 rats
  A rat skeleton (Ossuary)
  A fungus (Lair:3)
  A plant (Lair:6)
781 creatures vanquished.

Vanquished Creatures (collateral kills)
  A hornet (Lair:6)
  3 soldier ants (Lair:3)
  2 worker ants (Lair:3)
6 creatures vanquished.

Vanquished Creatures (others)
  2 torpor snails (Lair:6)
  A worker ant (Lair:3)
  2 mummies (Ossuary)
  3 goblin skeletons (Ossuary)
  6 hobgoblin skeletons (Ossuary)
  3 hobgoblin zombies (Ossuary)
  2 kobold skeletons (Ossuary)
  2 kobold zombies (Ossuary)
  4 orc skeletons (Ossuary)
  3 orc zombies (Ossuary)
  5 rat zombies (Ossuary)
  21 fungi
  23 plants
77 creatures vanquished.

Grand Total: 864 creatures vanquished

Notes
Turn   | Place    | Note
-------+----------+-------------------------------------------
     0 | D:1      | nubinia the Demonspawn Wizard began the quest for the Orb.
     0 | D:1      | Reached XP level 1. HP: 13/13 MP: 4/4
   570 | D:1      | Gained mutation: You have a pair of small antennae on your head. [demonic ancestry]
   570 | D:1      | Reached XP level 2. HP: 12/19 MP: 1/6
  1576 | D:2      | Learned a level 2 spell: Blink
  1591 | D:2      | Reached skill level 1 in Translocations
  1591 | D:2      | Reached XP level 3. HP: 24/24 MP: 2/8
  1647 | D:2      | Learned a level 3 spell: Mephitic Cloud
  2840 | D:3      | Reached XP level 4. HP: 30/30 MP: 0/9
  3248 | D:3      | Found an ornate altar of the Wu Jian Council.
  3480 | D:3      | Found a radiant altar of Vehumet.
  3491 | D:3      | Became a worshipper of Vehumet
  3697 | D:3      | Found a hide-covered altar of Uskayaw.
  3698 | D:3      | Noticed a hand axe
  3698 | D:3      | Noticed a hand axe
  3904 | D:4      | Found a sand-covered staircase.
  3935 | D:4      | Reached skill level 4 in Spellcasting
  3935 | D:4      | Gained mutation: You have a pair of antennae on your head. [demonic ancestry]
  3935 | D:4      | Reached XP level 5. HP: 25/35 MP: 0/11
  4028 | Ossuary  | Entered an ossuary
  4774 | Ossuary  | Noticed Menkaure
  4788 | Ossuary  | Killed Menkaure
  4806 | Ossuary  | Reached * piety under Vehumet
  4806 | Ossuary  | Offered knowledge of Sting by Vehumet.
  5435 | D:4      | Reached XP level 6. HP: 33/42 MP: 8/12
  5537 | D:5      | Entered Level 5 of the Dungeon
  5688 | D:4      | Found a glowing silver altar of Zin.
  5692 | D:4      | Found an opulent altar of Gozag.
  5697 | D:4      | Found a deep blue altar of Sif Muna.
  5807 | D:4      | Found a white marble altar of Elyvilon.
  6492 | D:5      | Reached skill level 1 in Short Blades
  6826 | D:5      | Gained mutation: You are immune to rotting. [demonic ancestry]
  6826 | D:5      | Reached XP level 7. HP: 47/47 MP: 4/14
  7212 | D:5      | Reached skill level 5 in Spellcasting
  7406 | D:5      | Reached skill level 1 in Fighting
  7522 | D:5      | Found a staircase to the Ecumenical Temple.
  8308 | D:5      | Learned a level 3 spell: Conjure Flame
  8341 | D:6      | Noticed Edmund
  8488 | D:6      | Reached XP level 8. HP: 54/54 MP: 0/16
  8834 | D:6      | Reached skill level 5 in Conjurations
  9081 | D:6      | Identified a scroll of acquirement
  9150 | D:6      | Reached skill level 6 in Spellcasting
  9267 | D:6      | Noticed Sigmund
  9516 | D:6      | Reached ** piety under Vehumet
  9570 | D:6      | Offered knowledge of Throw Frost by Vehumet.
  9927 | D:6      | Killed Sigmund
 10149 | D:7      | Found a sacrificial altar of Ru.
 10150 | D:7      | Found an iron altar of Okawaru.
 10151 | D:7      | Found a blossoming altar of Fedhas.
 10191 | D:7      | Found a sparkling altar of Nemelex Xobeh.
 10203 | D:7      | Reached skill level 1 in Air Magic
 10450 | D:7      | Reached skill level 1 in Poison Magic
 10450 | D:7      | Gained mutation: You are partially covered in sharp spines. [demonic ancestry]
 10450 | D:7      | Reached XP level 9. HP: 57/61 MP: 13/19
 10843 | D:7      | Reached skill level 7 in Spellcasting
 11123 | D:7      | Reached skill level 1 in Polearms
 11740 | D:8      | Noticed a two-headed hydra
 11748 | D:8      | Killed a four-headed hydra
 11748 | D:8      | Reached skill level 1 in Fire Magic
 11748 | D:8      | Gained mutation: You are partially covered in slimy green scales. (AC +2) [demonic ancestry]
 11748 | D:8      | Reached XP level 10. HP: 58/68 MP: 16/21
 11751 | D:8      | Offered knowledge of Stone Arrow by Vehumet.
 11800 | D:8      | Found a staircase to the Lair.
 11933 | D:8      | Reached skill level 5 in Stealth
 12119 | D:8      | Found Sujamicomil's Hallowed Reliquary.
 12124 | D:8      | Reached *** piety under Vehumet
 12151 | D:8      | Reached skill level 5 in Polearms
 12158 | D:8      | Found a white marble altar of Elyvilon.
 12160 | D:8      | Noticed an angel
 12384 | D:8      | Offered knowledge of Dazzling Spray by Vehumet.
 12391 | D:8      | Learned a level 3 spell: Dazzling Spray
 12416 | D:8      | Found a bloodstained altar of Trog.
 12475 | Lair:1   | Entered Level 1 of the Lair of Beasts
 12562 | D:8      | Learned a level 2 spell: Shroud of Golubria
 13055 | Lair:1   | Noticed a black mamba
 13351 | Lair:1   | Reached skill level 8 in Spellcasting
 13591 | Lair:1   | Noticed a spiny frog
 13605 | Lair:1   | Killed a spiny frog
 13605 | Lair:1   | Gained mutation: You may emit foul miasma when damaged in melee. [demonic ancestry]
 13605 | Lair:1   | Reached XP level 11. HP: 76/76 MP: 20/23
 13611 | Lair:1   | Reached **** piety under Vehumet
 13812 | Lair:1   | Found an ornate altar of the Wu Jian Council.
 13961 | Lair:1   | Offered knowledge of Venom Bolt by Vehumet.
 14940 | Lair:2   | Reached skill level 5 in Dodging
 16054 | Lair:2   | Found a staircase to the Swamp.
 16112 | Lair:2   | Reached skill level 9 in Spellcasting
 16259 | Lair:2   | Reached skill level 5 in Fighting
 16656 | Lair:2   | Reached XP level 12. HP: 86/86 MP: 13/25
 16799 | Lair:2   | Found a staircase to the Snake Pit.
 17203 | Lair:3   | Noticed a queen ant
 17221 | Lair:3   | Killed a queen ant
 17221 | Lair:3   | Reached skill level 1 in Hexes
 17229 | Lair:3   | Reached ***** piety under Vehumet
 17233 | Lair:3   | Offered knowledge of Ozocubu's Refrigeration by Vehumet.
 18767 | Lair:3   | Reached skill level 10 in Conjurations
 19047 | Lair:3   | Learned a level 4 spell: Airstrike
 19342 | Lair:4   | Noticed an eight-headed hydra
 19790 | Lair:4   | Reached skill level 10 in Spellcasting
 20068 | Lair:4   | Upgraded the game from 0.20-a0-833-gc632bec to 0.20-a0-839-gdaf5c57
 20120 | Lair:4   | Reached skill level 1 in Charms
 20930 | Lair:4   | Killed an eight-headed hydra
 21509 | Lair:4   | Gained mutation: You frequently emit foul miasma when damaged in melee. [demonic ancestry]
 21509 | Lair:4   | Reached XP level 13. HP: 94/94 MP: 27/27
 22119 | Lair:5   | Learned a level 2 spell: Swiftness
 22266 | Lair:5   | Reached skill level 5 in Air Magic
 22699 | Lair:5   | Offered knowledge of Iskenderun's Battlesphere by Vehumet.
 22706 | Lair:5   | Learned a level 5 spell: Iskenderun's Battlesphere
 23083 | Lair:6   | Entered Level 6 of the Lair of Beasts
 23083 | Lair:6   | Found a staircase to the Slime Pits.
 23186 | Lair:6   | Found a viscous altar of Jiyva.
 23356 | Lair:6   | Found a dark tunnel.
 23397 | Volcano  | Entered a volcano
 23411 | Volcano  | Reached skill level 11 in Spellcasting
 23666 | Volcano  | HP: 1/95 [something/bolt of lightning (30)]
 24783 | Lair:6   | Noticed a fire dragon
 24793 | Lair:6   | Killed a fire dragon
 25389 | Lair:6   | Found a runed door.
 25446 | Lair:6   | Offered knowledge of Irradiate by Vehumet.
 25868 | Lair:6   | Reached XP level 14. HP: 54/101 MP: 29/29
 26242 | Lair:5   | Reached skill level 12 in Spellcasting
 26354 | Lair:6   | Got a twitching copper ring
 26355 | Lair:6   | Identified the ring of the Kangaroo {Fire *Slow rPois rN++ Str+2} (You found it on level 6 of the Lair of Beasts)
 28742 | D:9      | Noticed Joseph
 28766 | D:9      | Killed Joseph
 28889 | D:9      | Found a snail-covered altar of Cheibriados.
 29336 | D:9      | Upgraded the game from 0.20-a0-839-gdaf5c57 to 0.20-a0-848-g73d9be0
 29371 | D:10     | Entered Level 10 of the Dungeon
 29785 | D:10     | Gained mutation: Your mind is acute. (Int +2) [potion of mutation]
 29785 | D:10     | Gained mutation: Scrolls take you a little longer to read. [potion of mutation]
 29785 | D:10     | Gained mutation: You are robust. (+10% HP) [potion of mutation]
 29785 | D:10     | Gained mutation: You are resistant to electric shocks. (rElec) [potion of mutation]
 30137 | D:11     | Found a glowing silver altar of Zin.
 31123 | D:10     | Learned a level 3 spell: Static Discharge
 31129 | D:10     | Learned a level 5 spell: Lightning Bolt
 31131 | D:10     | Learned a level 1 spell: Shock
 31521 | D:12     | Found a staircase to the Orcish Mines.
 31824 | D:12     | Found a shattered altar of Ashenzari.
 31892 | Orc:1    | Entered Level 1 of the Orcish Mines
 31925 | Orc:1    | Reached skill level 13 in Spellcasting
 31932 | Orc:1    | Found Oginacox's General Store.
 32000 | Orc:2    | Entered Level 2 of the Orcish Mines
 32024 | Orc:2    | Noticed Snorg
 32044 | Orc:2    | Killed Snorg
 32048 | Orc:2    | Reached ****** piety under Vehumet
 32130 | Orc:2    | Offered knowledge of Bolt of Magma by Vehumet.
 32655 | Orc:1    | Reached skill level 1 in Armour
 33423 | Orc:2    | Found a staircase to the Elven Halls.
 33962 | Orc:2    | Found Futhois's Magic Scroll Boutique.
 34062 | Orc:2    | Found Qauciov's Magic Scroll Shop.
 34077 | Orc:2    | Bought a scroll of summoning for 133 gold pieces
 34131 | Orc:2    | Gained mutation: You have a pair of large antennae on your head. (SInv) [demonic ancestry]
 34131 | Orc:2    | Reached XP level 15. HP: 121/121 MP: 19/32
 34148 | Orc:2    | Offered knowledge of Bolt of Fire by Vehumet.
 34156 | Orc:2    | Learned a level 6 spell: Bolt of Fire
 35650 | Orc:2    | Found Conkig's Antique Weapon Shoppe.
 35650 | Orc:2    | Found a one-way gate leading to the halls of Pandemonium.
 35650 | Orc:2    | Found Ditukeci's Gadget Emporium.
 35812 | Orc:2    | Bought a runed glaive for 237 gold pieces
 35956 | Elf:1    | Entered Level 1 of the Elven Halls
 36060 | Elf:1    | Found a ruined gateway.
 36294 | Desolati | Entered the Desolation of Salt
 36320 | Desolati | Slain by a peacekeeper

Vault maps used:
D:1:      kennysheep_arrival_forest, serial_glass, glass_columns_b,
          glass_columns_b
D:2:      first_bread, grunt_ministairs_10
D:3:      lemuel_crystal_altar, lemuel_doored_altar, dancing_weapons_uskayaw
D:4:      lemuel_round_altar, minmay_overflow_temple_star_quad,
          nicolae_ossuary_entry_giza, minmay_hedge_maze
D:5:      minmay_temple_entry_overgrown
D:6:      uniq_sigmund, uniq_edmund
D:7:      gammafunk_temple_overflow_forgotten, nemelex_xobeh_ov_fountains_minmay
D:8:      overflow_temple_1_default, lair_entry_dummy, hangedman_ranch,
          nicolae_good_shop
D:9:      lemuel_crystal_altar, uniq_joseph
D:11:     basic_altar
D:12:     hiddenorc1_lemuel, basic_altar
Lair:1:   kb_forest_paths, basic_altar
Lair:2:   swamp_mist_pool, minmay_snake_entry_guardpost_small,
          beast_lair_carwin_8
Lair:3:   zaba_anthell, minmay_lair_oklob_chamber, serial_bayou_shore_b
Lair:4:   cheibrodos_lair_caveside_slide, infiniplex_staircase_pool
Lair:6:   wormcave, guppyfry_lair_end_dragon, slime_altar_1,
          lightli_volcano_entry_magma_tube
Orc:1:    serial_shops, nicolae_shop_window_shopping
Orc:2:    pf_orc_diabolical, uniq_snorg
Elf:1:    portal_desolation_entry_ruin, orc_legates, elves_outpost_lemuel
Ossuary:  ossuary_due_pyramid
Volcano:  volcano_bunker

Skill      XL: |  1  2  3  4  5  6  7  8  9 10 11 12 13 14 15 |
---------------+----------------------------------------------+-----
Dodging        | 2 3 4 5 6 7 |  7.0
Stealth        | 2 3 4 5 6 7 8 |  8.9
Translocations | 1 2 3 4 |  4.3
Conjurations   | 2 3 4 6 7 8 9 10 11 | 11.3
Spellcasting   | 4 5 6 7 8 9 10 11 13 | 13.8
Short Blades   | 1 |  1.7
Fighting       | 1 2 3 5 6 7 |  7.8
Air Magic      | 1 2 3 4 6 8 |  8.8
Poison Magic   | 1 |  1.0
Polearms       | 4 6 8 |  8.0
Fire Magic     | 1 2 3 |  3.0
Hexes          | 1 2 |  2.4
Charms         | 1 2 3 |  3.2
Armour         | 1 |  1.9
Unarmed Combat | |  0.1
Summonings     | |  1.0
Evocations     | |  0.8

Action                   |  1- 3 |  4- 6 |  7- 9 | 10-12 | 13-15 || total
-------------------------+-------+-------+-------+-------+-------++-------
Melee: Unarmed           |     8 |       |       |       |       ||     8
       Dagger            |    34 |    42 |    61 |       |       ||   137
       Scythe            |       |       |    60 |   434 |   345 ||   839
       Glaive            |       |       |       |       |   265 ||   265
 Cast: Magic Dart        |   121 |   225 |   340 |   279 |   361 ||  1326
       Mephitic Cloud    |       |     3 |    19 |    49 |    53 ||   124
       Conjure Flame     |       |       |    10 |    22 |     8 ||    40
       Shroud of Golubri |       |       |       |    19 |    22 ||    41
       Dazzling Spray    |       |       |       |    31 |    25 ||    56
       Airstrike         |       |       |       |    12 |   235 ||   247
       Iskenderun's Batt |       |       |       |       |    87 ||    87
       Swiftness         |       |       |       |       |     4 ||     4
       Blink             |       |       |       |       |     2 ||     2
       Shock             |       |       |       |       |     2 ||     2
Evoke: Wand              |       |       |       |       |    11 ||    11
       Lamp of fire      |       |       |       |       |     3 ||     3
  Use: Scroll            |     2 |    10 |     6 |     7 |    16 ||    41
       Potion            |       |     3 |     2 |     3 |     5 ||    13
 Stab: Sleeping          |     1 |     2 |     2 |    13 |     9 ||    27
       Confused          |       |     3 |     5 |    17 |    24 ||    49
       Distracted        |       |       |     1 |     1 |     4 ||     6
  Eat: Chunk             |     3 |     4 |    13 |    32 |    58 ||   110
       Meat ration       |     1 |       |       |     1 |     1 ||     3
       Bread ration      |       |     1 |     1 |       |       ||     2
       Royal jelly       |       |       |       |       |     1 ||     1
Armor: Robe              |    12 |     6 |    20 |    69 |    73 ||   180
       Leather armour    |       |       |       |       |    62 ||    62
Dodge: Dodged            |    48 |    51 |    79 |   248 |   377 ||   803
